cohdb
Replays
Latest Replays
All Replays
Popular Replays
Top Player Replays
Match Explorer
How It Works
Community
CoH3 Stats
Reddit
Sign in to upload your games and track your stats! →
Sign in with Steam
Match 39750521
Unlisted
Match 39750521
Overview
Messages
Build Orders
End
Royal Engineer Section
Vickers Machine Gun Team
Construct Section Command Post
Selects Canadian Shock Battlegroup
Infantry Section
Construct Field Infirmary
Selects Attacking Spirit
Selects Canadian Shock Section
Canadian Shock Section
Construct Platoon Command Post
Infantry Training
Canadian Shock Section
Selects Burnout
Canadian Shock Section
Canadian Shock Section
Construct Company Command Post
Burnout
Burnout
Grenade Package
Selects Point Assault
Selects Pyrotechnics
Burnout
Crusader II Medium Tank
Crusader II Medium Tank
Gabe_Real
broodwarjc
Mellankrigarn
Triarii
0
0
Comments
sign in to comment!
No comments posted yet!